 Dungeon Crawl Stone Soup version 0.31-a0-819-gf6de2f5ab6 (webtiles) character file.

Game seed: 10116445825290950218

165 qw the Shooter (level 5, -1/32 HPs)
             Began as a Gargoyle Hunter on Sept 23, 2023.
             Slain by a lemure (6 damage)
             ... led by Pikel
             ... on level 4 of the Dungeon.
             The game lasted 00:00:55 (2538 turns).

qw the Shooter (Gargoyle Hunter)                    Turns: 2538, Time: 00:00:55

Health: -1/32      AC: 10    Str: 15    XL:     5   Next: 46%
Magic:  5/5        EV: 16    Int:  9    God:
Gold:   200        SH:  0    Dex: 15    Spells: 4/4 levels left

rFire   . . .        Y - +0 shortbow (freeze)
rCold   . . .        (shield currently unavailable)
rNeg    + . .        d - +0 ring mail
rPois   inf          j - +0 helmet
rElec   +            (no cloak)
rCorr   .            (no gloves)
SInv    .            (no boots)
Will    .....        (no amulet)
Stlth   +            a - +5 ring of evasion
HPRegen 0.25/turn    (no ring)
MPRegen 0.09/turn

%: no passive effects
@: about to teleport
A: sickness immunity, AC +4, negative energy resistance 1, electricity
resistance, torment resistance 1, petrification resistance
a: no special abilities


You were on level 4 of the Dungeon.
You visited 1 branch of the dungeon, and saw 4 of its levels.

You collected 200 gold pieces.


Innate Abilities, Weirdness & Mutations

You are immune to sickness and miasma.
Your stone body is resilient. (AC +4)
You are immune to poison.
You resist negative energy. (rN+)
You are resistant to electric shocks. (rElec)
You are resistant to unholy torment.
You are immune to petrification.


   Skills:
 - Level 3.2 Fighting
 + Level 5.9 Ranged Weapons
 - Level 1.3 Armour
 - Level 1.5 Dodging
 - Level 1.1 Stealth


You had 4 spell levels left.
You didn't know any spells.
Your spell library was empty.

Inventory:

Hand Weapons
 Y - a +0 shortbow of freezing (weapon)
Armour
 d - a +0 ring mail (worn)
 j - a +0 helmet (worn)
Jewellery
 a - a +5 ring of evasion (left hand)
Scrolls
 g - a scroll of identify
Potions
 b - 2 potions of curing
 f - a potion of mutation
 h - a potion of lignification {unknown}
 i - a potion of haste {unknown}
 k - a potion of magic {unknown}

Dungeon Overview and Level Annotations

Branches:
Dungeon (4/15)
 Temple: D:4-7

Altars:
Ashenzari
Qazlal
Trog
Xom

Shops:
D:3 (

Annotations:
D:4 Pikel


Message History

The arrow barely misses the lemure.
The lemure closely misses you. Pikel barely misses you.
The lemure hits you but does no damage. x2
You shoot an arrow.
The arrow hits Pikel but does no damage.
Pikel is moderately wounded.
Pikel closely misses you. The lemure hits you. The lemure misses you.
A lemure comes into view.
Pikel barely misses you.
You shoot an arrow.
The arrow hits Pikel but does no damage.
Pikel is moderately wounded.
The lemure misses you. The lemure hits you.
Pikel hits you with a +1 whip of electrocution.
You shoot an arrow. The arrow hits Pikel.
The arrow freezes Pikel.
Pikel is heavily wounded.
The lemure closely misses you. The lemure completely misses you.
Pikel closely misses you.
You shoot an arrow. The arrow barely misses Pikel.
The arrow hits the lemure but does no damage.
The lemure misses you. x2
Pikel hits you with a +1 whip of electrocution.
You shoot an arrow. The arrow closely misses Pikel.
The arrow barely misses the lemure.
The lemure hits you. The lemure completely misses you.
Pikel hits you with a +1 whip of electrocution.
The lemure hits you. x2
2536 ||| READING scroll of teleportation.
As you read the scroll of teleportation, it crumbles to dust.
You feel strangely unstable. Pikel misses you. The lemure closely misses you.
The lemure misses you.
You shoot an arrow.
The arrow hits Pikel but does no damage.
Pikel is heavily wounded.
Pikel misses you. The lemure hits you but does no damage.
The lemure closely misses you. Pikel hits you but does no damage.
You shoot an arrow. The arrow hits Pikel.
The arrow freezes Pikel.
Pikel is severely wounded.
The lemure misses you. The lemure hits you.
You die...

#...# ## #...# ##.
#..## #.. ##..#
..###..## #...#
...5..5.## ##..##
.......K.## #..##
#..##.....## ##..#
##.....####@5.#
#.......##K5##
##.....5..5.# #####
#..........######...#
.............##.....###
#............).....###
##................##
##...............##
#.......<........#


You could see Pikel and 3 lemures.

Vanquished Creatures
  A lemure (D:4)
  Jessica (D:2)
  4 gnolls (D:3)
  2 adders (D:2)
  2 worms
  2 dart slugs
  6 orcs (D:3)
  6 ball pythons
  6 endoplasms
  4 giant cockroaches
  2 goblins
  A hobgoblin (D:3)
  2 jackals (D:1)
  3 kobolds
  5 quokkas
  12 bats
  3 frilled lizards
  6 rats
68 creatures vanquished.

Notes
Turn   | Place    | Note
-------+----------+-------------------------------------------
     0 | D:1      | qw the Gargoyle Hunter began the quest for the Orb.
     0 | D:1      | Reached XP level 1. HP: 12/12 MP: 1/1
     0 | D:1      | 0 ||| qw: Version: 0.3-a-83-gcd0e7d8
     0 | D:1      | 0 ||| qw: Game counter: 1617
     0 | D:1      | 0 ||| qw: Melee chars always use a shield: true
     0 | D:1      | 0 ||| qw: God list: Okawaru
     0 | D:1      | 0 ||| qw: Allow faded altars: false
     0 | D:1      | 0 ||| qw: Do Orc after clearing Dungeon:15 true
     0 | D:1      | 0 ||| qw: Do second Lair branch before Depths: true
     0 | D:1      | 0 ||| qw: Lair rune preference: random
     0 | D:1      | 0 ||| qw: Goals: Normal
     0 | D:1      | 0 ||| PLANNING D:1-11
   185 | D:1      | Reached XP level 2. HP: 7/17 MP: 2/2
   476 | D:1      | Reached XP level 3. HP: 21/21 MP: 3/3
   570 | D:1      | Reached skill level 5 in Ranged Weapons
   777 | D:1      | 777 ||| UPGRADING to +0 helmet.
   782 | D:1      | 782 ||| READING scroll labelled FYFO HE EGRI.
   783 | D:1      | 783 ||| READING 2 scrolls labelled PABOS PAREXUKIYN.
   784 | D:1      | 784 ||| READING scroll labelled KOM ISUFUOHAI.
   785 | D:1      | 785 ||| READING scroll labelled HOLUHY ESADUNO.
   786 | D:1      | 786 ||| DROPPING scroll of butterflies.
   852 | D:2      | Noticed Jessica
   857 | D:2      | Killed Jessica
   858 | D:2      | Reached skill level 3 in Fighting
   960 | D:2      | Reached XP level 4. HP: 28/28 MP: 4/4
  1484 | D:2      | 1484 ||| UPGRADING to +0 ring mail.
  1494 | D:2      | 1494 ||| DROPPING +0 leather armour.
  1495 | D:2      | 1495 ||| UPGRADING to +5 ring of evasion.
  1496 | D:2      | 1496 ||| READING scroll labelled YXTAWNIGYO.
  1497 | D:2      | 1497 ||| READING 2 scrolls of identify.
  1497 | D:2      | 1497 ||| IDENTIFYING coppery potion
  1544 | D:3      | 1544 ||| Stepping ~*~*~tactically~*~*~ (retreating).
  1552 | D:3      | Reached skill level 1 in Armour
  1555 | D:3      | Reached XP level 5. HP: 32/32 MP: 5/5
  1608 | D:3      | Found a broken altar of Ashenzari.
  1612 | D:3      | Found a stormy altar of Qazlal.
  1616 | D:3      | Found a bloodstained altar of Trog.
  1638 | D:3      | Found Zelifan's Antique Weapon Shop.
  1831 | D:3      | Found a shimmering altar of Xom.
  2325 | D:3      | 2325 ||| DROPPING scarf of invisibility.
  2326 | D:3      | 2326 ||| READING 2 scrolls labelled LYXARHU MA JAF.
  2330 | D:3      | 2330 ||| READING 3 scrolls of identify.
  2330 | D:3      | 2330 ||| IDENTIFYING fizzy silvery potion
  2331 | D:3      | 2331 ||| READING 2 scrolls of identify.
  2331 | D:3      | 2331 ||| IDENTIFYING silvery potion
  2332 | D:3      | 2332 ||| DROPPING potion of degeneration.
  2509 | D:4      | Noticed a lemure
  2509 | D:4      | Noticed a lemure
  2511 | D:4      | Noticed Pikel
  2512 | D:4      | Noticed a lemure
  2513 | D:4      | 2513 ||| RETREEAATING.
  2514 | D:4      | 2514 ||| STILL RETREEAATING.
  2515 | D:4      | 2515 ||| STILL RETREEAATING.
  2516 | D:4      | 2516 ||| STILL RETREEAATING.
  2517 | D:4      | 2517 ||| STILL RETREEAATING.
  2518 | D:4      | 2518 ||| STILL RETREEAATING.
  2519 | D:4      | 2519 ||| STILL RETREEAATING.
  2520 | D:4      | 2520 ||| STILL RETREEAATING.
  2524 | D:4      | Killed a lemure
  2525 | D:4      | 2525 ||| STILL RETREEAATING.
  2531 | D:4      | Noticed a lemure
  2535 | D:4      | HP: 8/32 [lemure[Pikel] (5)]
  2536 | D:4      | 2536 ||| READING scroll of teleportation.
  2538 | D:4      | Slain by a lemure

Levels and vault maps discovered:
D:1:      minmay_arrival_four_houses, layout_basic
D:2:      layout_loops_ring, kennysheep_generic_room_11, uniq_jessica
D:3:      layout_loops_ring, grunt_temple_overflow_diamond,
          mainiacjoe_overflow_cross_hatched, serial_shops,
          nicolae_shop_overgrown_old_shop, serial_park_tiny_1,
          dreamdust_princess_bridge, roderic_batcave
D:4:      layout_layer_cave, uniq_pikel

Skill      XL: |  1  2  3  4 |
---------------+-------------+-----
Ranged Weapons | 5 |  5.9
Fighting       | 3 |  3.2
Armour         | 1 |  1.3
Dodging        | |  1.5
Stealth        | |  1.1

Action                     |  1- 3 |  4- 6 || total
---------------------------+-------+-------++-------
   Fire: Shortbow          |    83 |   126 ||   209
    Use: Scroll            |     4 |     6 ||    10
 Armour: Leather armour    |    18 |     7 ||    25
         Ring mail         |       |    34 ||    34
  Dodge: Dodged            |    28 |    85 ||   113

Table legend:
 A = Non-vault XP
 B = Vault XP
 C = Vault XP percentage of total XP
 D = Non-vault monster count
 E = Vault monster count
 F = Vault count percentage of total count
                 A         B        C        D         E       F
            +---------+---------+-------+---------+---------+-------
      Total |     188 |      48 |  20.3 |      58 |       9 |  13.4
            +---------+---------+-------+---------+---------+-------
        D:1 |      43 |       0 |   0.0 |      25 |       0 |   0.0
        D:2 |      43 |      38 |  46.9 |      12 |       2 |  14.3
        D:3 |      97 |      10 |   9.3 |      20 |       7 |  25.9
        D:4 |       5 |       0 |   0.0 |       1 |       0 |   0.0
            +---------+---------+-------+---------+---------+-------
